 Dungeon Crawl Stone Soup version 0.22-a0-224-g8cf3520 (webtiles) character file.

666334 vishdafish the Alchemist (level 27, -3/166 (168) HPs)
             Began as a Demonspawn Gladiator on Feb 19, 2018.
             Was the Champion of Yredelemnul.
             Killed from afar by a Brimstone Fiend (30 damage)
             ... with damnation
             ... created by the effects of Hell
             ... on level 6 of Gehenna on Feb 20, 2018.
             The game lasted 04:33:03 (68483 turns).

vishdafish the Alchemist (Demonspawn Gladiator)    Turns: 68483, Time: 04:33:03

HP:   -3/166 (168)  AC: 19    Str: 22    XL:     27
MP:   38/38         EV: 35    Int: 14    God:    Yredelemnul [******]
Gold: 5690          SH:  8    Dex: 20    Spells: 29/48 levels left

rFire    + + .     SeeInvis .   V - +5 bardiche "Leviticus" {speed, rElec Dex+3}
rCold    + + +     Gourm    .   (shield currently unavailable)
rNeg     . . .     Faith    .   d - +3 leather armour of Vouket {*Contam rC++ MR+}
rPois    +         Spirit   .   S - +1 hat {MR+}
rElec    +         Reflect  +   P - +1 cloak of Starlight {rElec rC+ EV+4 Stlth--}
rCorr    .         Harm     .   L - +2 pair of gloves {Str+3}
MR       ++++.                  (boots unavailable)
Stlth    ..........             K - brooch of Shielding {Reflect SH+8}
HPRegen  3.37/turn              n - +6 ring of evasion
MPRegen  0.26/turn              x - ring "Pamief" {Ice Slay+5}

@: studying Crossbows
A: beak, talons 3, molten scales 3, cold resistance 1, dopey 1, fire resistance
2, frail 2, passive freeze, poison resistance, powered by death 3, screaming 1,
spiny 3, freezing cloud immunity, subdued magic 1
}: 4/15 runes: barnacled, slimy, silver, gossamer
a: Recall Undead Slaves, Injury Mirror, Animate Dead, Drain Life, Enslave Soul,
Renounce Religion


You were on level 6 of Gehenna.
You worshipped Yredelemnul.
Yredelemnul was exalted by your worship.
You were not hungry.

You visited 14 branches of the dungeon, and saw 65 of its levels.
You visited 1 ziggurat, and saw 4 of its levels.
You also visited: Ice Cave.

You collected 8797 gold pieces.
You spent 3107 gold pieces at shops.

Inventory:

Hand Weapons
 h - a +2 arbalest of flaming
 V - the +5 bardiche "Leviticus" (weapon) {speed, rElec Dex+3}
   (You took it off a deep elf sorcerer on level 3 of the Elven Halls)

   Attacks with this weapon are significantly faster.
   It affects your dexterity (+3).
   It insulates you from electricity.
Missiles
 a - 44 javelins
 m - 2300 bolts
 Q - 8 throwing nets (quivered)
Armour
 d - the +3 leather armour of Vouket (worn) {*Contam rC++ MR+}
   (You bought it in a shop on level 2 of the Elven Halls)

   It greatly protects you from cold.
   It affects your resistance to hostile enchantments.
   It causes magical contamination when unequipped.
 L - a +2 pair of gloves of strength (worn)
 P - the +1 cloak of Starlight (worn) {rElec rC+ EV+4 Stlth--}
   (You found it on level 3 of the Depths)

   It affects your evasion (+4).
   It protects you from cold.
   It insulates you from electricity.
   It makes you much less stealthy.
 S - a +1 hat of magic resistance (worn)
Jewellery
 n - a +6 ring of evasion (left hand)
 x - the ring "Pamief" (right hand) {Ice Slay+5}
   (You found it on level 2 of the Realm of Zot)

   [ring of ice]

   It enhances your ice magic.
   It affects your accuracy and damage with ranged weapons and melee attacks
   (+5).
   It makes you vulnerable to fire.
   It protects you from cold.
 K - the brooch of Shielding (around neck) {Reflect SH+8}
   (You took it off a deep elf sorcerer on level 3 of the Elven Halls)

   [amulet of reflection]

   It shields you and reflects attacks.
   It affects your SH (+8).
Wands
 s - a wand of iceblast (28)
 t - a wand of disintegration (43)
 A - a wand of flame (85)
 F - a wand of enslavement (12)
 G - a wand of scattershot (4)
 H - a wand of acid (14)
 M - a wand of digging (59)
 O - a wand of random effects (86)
 R - a wand of polymorph (34)
 T - a wand of paralysis (54)
Scrolls
 e - 20 scrolls of identify
 g - 3 scrolls of blinking
 i - 20 scrolls of remove curse
 j - 11 scrolls of enchant weapon
 k - 20 scrolls of enchant armour
 p - 31 scrolls of teleportation
 u - 4 scrolls of immolation
 z - 10 scrolls of magic mapping
 B - 10 scrolls of fog
 J - 10 scrolls of amnesia
 X - 4 scrolls of fear
Potions
 l - 6 potions of flight
 o - 4 potions of ambrosia
 q - 5 potions of cancellation
 r - 4 potions of curing
 v - 7 potions of haste
 w - 10 potions of might
 D - a potion of resistance
 E - 3 potions of magic
 I - 4 potions of agility
 N - 10 potions of lignification
 W - 10 potions of brilliance
 Y - 3 potions of berserk rage
Books
 C - a manual of Crossbows
 Z - a manual of Crossbows
Miscellaneous
 b - the horn of Geryon
 c - 3 boxes of beasts
 U - 2 sacks of spiders
Comestibles
 f - 46 rations


   Skills:
 - Level 16.3 Fighting
 - Level 17.0 Polearms
 - Level 7.8 Crossbows
 - Level 4.0 Throwing
 - Level 15.4 Armour
 - Level 15.0 Dodging
 - Level 0.3 Stealth
   Level 9.7 Shields
 - Level 11.4 Spellcasting
 - Level 11.3 Hexes
 - Level 14.2 Summonings
 * Level 15.2 Necromancy
 - Level 10.4 Translocations
 - Level 18.0 Transmutations
 - Level 16.0 Invocations
 - Level 8.0 Evocations


You had 29 spell levels left.
You knew the following spells:

 Your Spells              Type           Power        Failure   Level  Hunger
a - Apportation           Tloc           ####..       1%          1    None
b - Passwall              Tmut/Erth      ####......   1%          2    None
c - Aura of Abjuration    Summ           #####.....   1%          5    #####..
d - Portal Projectile     Hex/Tloc       ####..       1%          3    None
e - Regeneration          Chrm/Necr      ###.......   1%          3    None
f - Dispel Undead         Necr           #####...     1%          5    #####..


Dungeon Overview and Level Annotations

Branches:
Dungeon (15/15)            Temple (1/1) D:7            Lair (6/6) D:10
 Shoals (4/4) Lair:3       Spider (4/4) Lair:4        Slime (5/5) Lair:5
    Orc (2/2) D:12            Elf (3/3) Orc:2        Vaults (5/5) D:13
  Crypt (3/3) Vaults:3       Tomb (0/3) Crypt:3      Depths (5/5) D:15
   Hell (1/1)                 Dis (0/7) Hell            Geh (6/7) Hell
    Coc (0/7) Hell            Tar (0/7) Hell            Zot (5/5) Depths:5

Altars:
Ashenzari
Cheibriados
Elyvilon
Fedhas
Gozag
Kikubaaqudgha
Makhleb
Nemelex Xobeh
Sif Muna
Trog
Uskayaw
Vehumet
Wu Jian
Xom
Yredelemnul
Zin
The Shining One
Jiyva

Shops:
D:5 [   D:10 (   D:12 }   D:14 *   Orc:2 ?:[=   Elf:2 =([   Elf:3 ?
Vaults:1 [   Vaults:4 =   Depths:1 *   Depths:2 *(   Depths:3 (

Portals:
Hell: Depths:1 Depths:2 Depths:3 Depths:4 Depths:5
Abyss: Depths:4 Depths:5
Pandemonium: Depths:1 Depths:2 Depths:3

Annotations:
D:6 galech's ghost, novice TrMo
Zot:5 exclusion: vampire knight


Innate Abilities, Weirdness & Mutations

You have claws for feet.
You are completely covered in molten scales. (AC +4, rF+)
Your flesh is cold resistant. (rC+)
A frigid envelope surrounds you and freezes all who hurt you.
You regenerate a lot of health from kills.
You are completely covered in sharp spines.
You are immune to freezing clouds.
You have a beak for a mouth.
You are dopey. (Int -2)
Your flesh is very heat resistant. (rF++)
You are very frail. (-20% HP)
Your system is resistant to poisons. (rPois)
You occasionally shout uncontrollably at your foes.
Your spells are a little easier to cast, but a little less powerful.


Message History

Attack whom?
Press: ? - help, Dir - move target cursor, f/p - Brimstone Fiend
Aim: a Brimstone Fiend (severely wounded)
You could not reach far enough!
Your bone dragon completely misses the golden dragon zombie.
Your bone dragon claws the golden dragon zombie but does no damage.
Your bone dragon tramples the golden dragon zombie!
The golden dragon zombie holds its ground!
The golden dragon zombie is destroyed!
Yredelemnul accepts your kill.
Your bone dragon bites the Brimstone Fiend!
Your bone dragon claws the Brimstone Fiend but does no damage.
Your bone dragon tramples the Brimstone Fiend!
The Brimstone Fiend holds its ground!
The Brimstone Fiend gestures at your bone dragon.
The sphere of damnation explodes!
The damnation engulfs your bone dragon.
The damnation engulfs the Brimstone Fiend.
The Brimstone Fiend completely resists.
The damnation engulfs you!
You die...
Your body rises from the dead as a mindless zombie.

≈§≈.≈.......
##.....##...≈≈#≈≈..≈≈.
+.......#...≈###≈..≈≈≈
.......##.§≈# #§....≈
...... #.§§###≈..... ..
....###...§§§...... ..≈##
.D##.∩........##..
#...≈###'#..........###..
#...≈1D@ZZ......Z.## #..
##.....ZZ....##DZ.# #..
#.....)....####### #∩.
#..........# #+#........#
##.......# #......##
#.....## #.....#


You could see a Brimstone Fiend, 2 friendly bone dragons, a friendly spectral
Hell Sentinel, 2 friendly hell hound zombies and a friendly ghoul skeleton.

Vanquished Creatures
  An orb of fire (Zot:4)
  3 ancient liches (Zot:5)
  A juggernaut (Depths:5)
  Sojobo (Depths:4)
  Saint Roka (Depths:4)
  A Killer Klown (Zot:2)
  A caustic shrike (Depths:3)
  Xtahua (Vaults:2)
  Nikola (Spider:4)
  Geryon (Hell)
  7 golden dragons
  A Brimstone Fiend (Geh:6)
  Jorgrun (Spider:2)
  An electric golem (Zot:5)
  2 titans (Vaults:5)
  8 tentacled monstrosities
  6 Orb Guardians (Zot:5)
  3 liches
  7 acid blobs
  5 quicksilver dragons
  A kraken (Shoals:4)
  3 ancient champions
  3 death cobs
  5 sphinxes
  An eldritch tentacle (Zot:2)
  7 shadow dragons
  2 tengu reavers
  4 draconian monks
  10 storm dragons
  11 azure jellies
  A revenant (Crypt:1)
  4 fire giants
  7 frost giants
  5 draconian scorchers
  3 ghost moths (Zot:2)
  A draconian knight (Zot:1)
  3 deep elf sorcerers
  An iron dragon (Zot:2)
  4 curse skulls
  2 emperor scorpions
  2 draconian shifters
  7 vault wardens
  A balrug (Geh:3)
  2 draconian stormcallers
  10 ironheart preservers
  A draconian annihilator (Zot:5)
  3 spriggan defenders
  2 entropy weavers
  5 war gargoyles
  A reaper (Hell)
  12 very ugly things
  13 green draconians
  9 stone giants
  A deep elf demonologist (Vaults:5)
  3 black draconians
  4 vampire knights
  14 yellow draconians
  6 white draconians
  4 deep elf annihilators
  4 purple draconians
  6 spark wasps
  3 eidola
  9 ettins
  A deep elf death mage (Elf:1)
  5 red draconians
  Snorg (D:13)
  2 blizzard demons (Hell)
  4 death oozes
  A mummy priest (Crypt:3)
  5 fire dragons
  5 great orbs of eyes
  A merfolk javelineer (Shoals:2)
  5 merfolk impalers
  7 yaktaur captains
  3 quicksilver dragon zombies
  A deep elf high priest (Vaults:5)
  A rakshasa (Vaults:3)
  A hydra (Lair:1)
  2 ice dragons
  17 vault guards
  A monstrous demonspawn (Depths:1)
  2 catoblepae (Lair:6)
  2 merfolk avatars (Shoals:2)
  6 centaur warriors
  A death knight (Vaults:3)
  An alligator snapping turtle (Shoals:4)
  A spriggan air mage (Zig:3)
  2 quicksilver dragon skeletons
  A merfolk aquamancer (Shoals:3)
  2 tengu warriors (Depths:1)
  4 deep troll shamans
  9 dancing weapons
  21 two-headed ogres
  7 ogre magi
  9 hell hogs
  2 vampire magi
  6 death yaks
  A titan zombie (Geh:4)
  4 orc high priests (Orc:2)
  5 deep troll earth magi
  Sonja (D:10)
  A spriggan berserker (Depths:2)
  2 soul eaters
  A storm dragon zombie (Crypt:3)
  An iron golem (Hell)
  8 sun demons
  6 deep elf knights
  An iron troll (Depths:3)
  A fire crab (shapeshifter) (Vaults:4)
  A titan skeleton (Crypt:2)
  14 hell knights
  A golden dragon zombie (Geh:2)
  A shadow wraith (Vaults:4)
  16 deep trolls
  An unseen horror (D:12)
  11 skeletal warriors
  An iron troll (shapeshifter) (Depths:3)
  4 glowing orange brains
  A wizard (Depths:4)
  10 flayed ghosts
  The ghost of varam the Conjurer, a novice OpFE of Ashenzari (D:8)
  A glowing orange brain (shapeshifter) (Vaults:5)
  7 necromancers
  An unseen horror (shapeshifter) (D:15)
  12 phantasmal warriors
  5 sea snakes
  5 deep elf archers
  3 ironbrand convokers
  A tengu zombie (Vaults:5)
  A golden dragon skeleton (Geh:3)
  An anaconda skeleton (Crypt:2)
  A shadow dragon zombie (Crypt:1)
  13 harpies
  3 orb spiders
  A lindwurm (Lair:3)
  14 orc knights
  An iron dragon zombie (Geh:3)
  3 stone giant zombies
  5 oklob plants
  31 deep elf magi
  A frost giant zombie (Geh:5)
  4 shining eyes
  11 ugly things
  3 fauns
  10 wolf spiders
  8 cyclopes
  18 moths of wrath
  6 manticores
  3 stone giant skeletons
  6 fire giant zombies
  A frost giant skeleton (Geh:6)
  5 water nymphs
  A guardian serpent (shapeshifter) (Vaults:5)
  A rust devil (Depths:5)
  A human skeleton (Vaults:4)
  4 merfolk sirens
  5 black mambas
  5 vault sentinels
  4 molten gargoyles
  A torpor snail (Spider:1)
  A centaur zombie (D:14)
  A storm dragon simulacrum (Hell)
  2 dire elephant zombies
  A spriggan zombie (Hell)
  2 ice statues
  2 gargoyles
  A centaur skeleton (D:15)
  8 spiny frogs
  2 smoke demons
  4 freezing wraiths
  3 fire giant skeletons
  A dire elephant skeleton (Crypt:3)
  33 yaktaurs
  5 hellions
  3 komodo dragons
  2 tormentors
  3 rime drakes
  A demonic crawler (Spider:3)
  7 red devils
  A catoblepas skeleton (Geh:1)
  3 polar bears
  2 tengu conjurers
  9 trolls
  2 hydra zombies
  9 merfolk
  A meliai (shapeshifter) (Vaults:5)
  12 jumping spiders
  4 hornets
  A queen bee (shapeshifter) (Depths:1)
  A hydra skeleton (Hell)
  A hornet (shapeshifter) (Vaults:1)
  5 blink frogs
  A blink frog (shapeshifter) (Vaults:4)
  2 wind drakes (Shoals:4)
  77 slime creatures
  3 ettin zombies
  An ice dragon zombie (Geh:3)
  A raiju (Zig:3)
  3 snapping turtles
  A harpy skeleton (Geh:1)
  11 hippogriffs
  An ettin skeleton (Crypt:3)
  6 fire dragon skeletons (Crypt:3)
  4 dream sheep
  2 fire dragon zombies (Hell)
  A meliai zombie (D:11)
  7 wyverns
  An ice dragon skeleton (Geh:2)
  12 flying skulls
  8 water elementals
  20 redbacks
  7 shadows
  An alligator skeleton (Geh:5)
  A vampire (Crypt:3)
  2 hogs (Shoals:1)
  15 wraiths
  25 yaks
  3 fire bats
  A basilisk (Lair:6)
  15 tarantellas
  3 hungry ghosts (Crypt:3)
  15 fire elementals
  A hog (shapeshifter) (Vaults:4)
  9 golden eyes
  2 neqoxecs
  A vampire mosquito (D:9)
  A yaktaur simulacrum (Vaults:4)
  4 wargs
  4 chaos spawn
  Edmund (D:4)
  9 water moccasins
  3 insubstantial wisps (Zig:3)
  2 acid dragons
  2 spiny frog zombies (Hell)
  10 hell hounds
  3 floating eyes (Depths:3)
  A hydra simulacrum (Hell)
  Duvessa (D:4)
  A spiny frog skeleton (Hell)
  3 porcupines
  6 eyes of draining
  37 orc warriors
  3 sky beasts
  A large abomination (Elf:1)
  A hornet zombie (D:12)
  9 ice beasts
  A black bear (Lair:1)
  A blink frog zombie (Crypt:1)
  4 phantoms
  3 human zombies
  2 necrophages
  13 wolves
  12 centaurs
  22 ogres
  5 crocodiles
  2 snapping turtle skeletons (Geh:3)
  4 big kobolds
  3 yaktaur zombies
  12 bullfrogs
  A wyvern zombie (D:9)
  A glowing shapeshifter simulacrum (Vaults:2)
  An earth elemental (Elf:2)
  2 scorpions
  Dowan (D:4)
  A killer bee (D:12)
  An orc simulacrum (Vaults:2)
  A snapping turtle simulacrum (Hell)
  28 wights
  An electric eel (Lair:4)
  2 howler monkeys
  2 bullfrog zombies
  8 crimson imps
  5 lava snakes (D:13)
  4 quasits
  A black bear zombie (Crypt:2)
  A gnoll shaman (D:5)
  2 hounds
  17 jellies
  A bullfrog skeleton (D:4)
  21 orc priests
  An iguana (D:5)
  2 iron imps
  A basilisk skeleton (Crypt:1)
  Terence (D:2)
  20 orc wizards
  5 worker ants
  2 hound zombies (D:9)
  4 hound skeletons
  6 gnolls
  12 adders
  5 shadow imps
  2 white imps
  An adder skeleton (D:8)
  A lava snake skeleton (Crypt:1)
  4 worms
  4 dart slugs
  8 leopard geckos
  77 orcs
  2 ball pythons
  6 giant cockroaches
  13 hobgoblins
  16 jackals
  8 quokkas
  A ball python zombie (Crypt:1)
  4 bats (D:3)
  A dart slug zombie (Crypt:2)
  9 frilled lizards
  6 goblins
  A goblin skeleton (D:9)
  3 hobgoblin zombies (D:9)
  A jackal skeleton (D:5)
  19 kobolds
  2 kobold zombies
  A leopard gecko skeleton (D:5)
  2 rats
  A crawling corpse (Elf:3)
  4 plants (Shoals:3)
  2 tentacles
1635 creatures vanquished.

Vanquished Creatures (collateral kills)
  the Royal Jelly (Slime:5)
  An ancient lich (Zot:5)
  A juggernaut (Depths:3)
  Margery (Vaults:3)
  A caustic shrike (Depths:3)
  4 curse toes
  7 golden dragons
  Jory (Depths:4)
  Arachne (Spider:2)
  The ghost of George the Fencer, an adept MiFi of the Shining One (Elf:2)
  6 liches
  An electric golem (Zot:5)
  6 Brimstone Fiends
  17 tentacled monstrosities
  Asterion (Depths:2)
  4 Orb Guardians (Zot:5)
  9 acid blobs
  Polyphemus (Shoals:4)
  A titan (Depths:2)
  Murray (Depths:5)
  2 deep elf blademasters
  3 quicksilver dragons
  3 krakens
  2 deep elf master archers (Elf:3)
  7 sphinxes
  3 death cobs
  3 ancient champions (Crypt:2)
  Kirke (Shoals:1)
  6 shadow dragons
  5 storm dragons
  Agnes (D:14)
  Donald (Vaults:3)
  A revenant (Crypt:3)
  5 azure jellies (Slime:5)
  5 draconian monks
  6 fire giants
  5 tengu reavers
  Ilsuiw (Shoals:4)
  6 ghost moths
  4 draconian knights
  8 vault wardens
  6 frost giants
  2 draconian scorchers
  5 iron dragons
  12 deep elf sorcerers
  3 balrugs
  4 emperor scorpions
  An orc warlord (Orc:2)
  A caustic shrike zombie (Hell)
  2 draconian annihilators (Zot:3)
  A curse skull (Crypt:3)
  2 reapers
  3 deep elf elementalists (Elf:3)
  5 draconian shifters
  3 war gargoyles
  20 stone giants
  12 very ugly things
  An entropy weaver (Vaults:4)
  6 vampire knights
  2 green draconians
  6 ironheart preservers
  15 black draconians
  3 deep elf demonologists
  7 deep elf annihilators
  8 purple draconians
  12 yellow draconians
  6 white draconians
  5 merfolk javelineers
  2 eidola
  4 red draconians
  8 spark wasps
  A blizzard demon (Depths:5)
  8 ettins
  6 jiangshi
  Josephine (D:13)
  7 yaktaur captains
  13 merfolk impalers
  3 fire dragons
  2 deep elf death magi
  2 death oozes (Slime:5)
  3 deep elf high priests (Elf:3)
  16 vault guards
  11 great orbs of eyes
  8 ice dragons
  3 rakshasas
  A hell beast (Depths:5)
  3 centaur warriors
  3 alligator snapping turtles
  5 spriggan air magi
  4 hydras
  2 catoblepae
  2 satyrs
  An anaconda (shapeshifter) (Depths:3)
  A two-headed ogre (shapeshifter) (Vaults:5)
  3 merfolk avatars
  A death knight (Vaults:3)
  16 two-headed ogres
  2 merfolk aquamancers (Shoals:4)
  5 ogre magi
  5 death yaks
  3 vampire magi
  7 deep troll shamans
  19 dancing weapons
  An orc high priest (Orc:2)
  5 tengu warriors
  19 hell hogs
  6 spriggan berserkers
  Urug (D:13)
  7 deep troll earth magi
  22 hell knights
  A storm dragon zombie (Geh:5)
  2 sun demons (Depths:5)
  4 soul eaters
  17 skeletal warriors
  18 deep elf knights
  A small abomination (Elf:3)
  2 salamander mystics (Depths:5)
  2 shadow wraiths
  2 golden dragon zombies
  22 deep trolls
  A deep troll (shapeshifter) (Vaults:2)
  A titan skeleton (Geh:5)
  A spark wasp zombie (Depths:1)
  2 anaconda zombies
  5 sea snakes
  A glowing orange brain (Depths:1)
  A sphinx zombie (Hell)
  6 flayed ghosts
  12 phantasmal warriors
  4 wizards
  6 ironbrand convokers
  7 necromancers
  An orb spider (shapeshifter) (Vaults:5)
  12 deep elf archers
  A shadow dragon zombie (Geh:5)
  7 harpies
  A wolf spider zombie (Geh:1)
  An iron dragon zombie (Crypt:2)
  17 orb spiders
  4 orc knights
  15 wolf spiders
  2 orc sorcerers (Orc:2)
  3 fauns
  45 deep elf magi
  4 salamanders (Depths:5)
  3 stone giant zombies
  20 ugly things
  An oklob plant (Zot:3)
  10 manticores
  A frost giant zombie (Geh:3)
  A shining eye (Slime:3)
  A cyclops (Shoals:3)
  2 dire elephant zombies
  3 fire giant zombies
  8 moths of wrath
  A shock serpent zombie (Geh:2)
  A sphinx skeleton (Crypt:2)
  An iron dragon skeleton (Geh:6)
  5 smoke demons
  2 stone giant skeletons
  4 merfolk sirens
  An ice statue (Hell)
  4 fire giant skeletons (Crypt:3)
  2 water nymphs
  7 vault sentinels
  A frost giant skeleton (Crypt:2)
  3 eyes of devastation
  A molten gargoyle (Geh:5)
  6 rust devils
  A torpor snail (Spider:3)
  A black mamba (shapeshifter) (Vaults:2)
  3 emperor scorpion zombies
  4 gargoyles
  40 yaktaurs
  A storm dragon simulacrum (Crypt:2)
  An orange demon (Depths:1)
  4 komodo dragons
  4 hellions
  3 centaur skeletons
  An efreet (Geh:5)
  2 spiny frogs
  A green draconian zombie (Crypt:2)
  5 freezing wraiths
  2 ice devils
  A dire elephant skeleton (Geh:6)
  8 red devils
  2 tormentors
  An anaconda simulacrum (Hell)
  A ghoul skeleton (Depths:1)
  2 tengu conjurers (Depths:2)
  A harpy zombie (Geh:1)
  A guardian mummy (Zot:2)
  A hydra zombie (Geh:3)
  A hellwing (Zot:2)
  A jumping spider (shapeshifter) (Vaults:2)
  5 demonic crawlers
  31 merfolk
  7 hornets
  4 trolls
  19 jumping spiders
  3 hippogriffs
  8 wind drakes
  A satyr zombie (Crypt:2)
  A merfolk (shapeshifter) (Depths:4)
  3 hydra skeletons
  2 raiju (shapeshifter)
  30 slime creatures
  4 dream sheep
  3 blink frogs (Lair:5)
  5 snapping turtles
  A stone giant simulacrum (Crypt:2)
  10 flying skulls
  An ettin zombie (Geh:1)
  An alligator skeleton (Crypt:1)
  8 shadows
  A centaur simulacrum (D:14)
  2 spriggans (Depths:4)
  5 wraiths
  26 redbacks
  A spriggan (shapeshifter) (Elf:1)
  A wyvern (D:15)
  A spriggan skeleton (Depths:1)
  4 vampires (Crypt:3)
  4 fire dragon skeletons (Crypt:3)
  21 yaks
  11 tarantellas
  10 water elementals
  An ice dragon skeleton (Geh:3)
  2 fire bats
  2 fire bats (shapeshifter)
  14 fire elementals
  3 hogs (Shoals:1)
  A black mamba skeleton (Crypt:2)
  A chaos spawn (Depths:1)
  A neqoxec (Zot:2)
  2 golden eyes (Slime:2)
  A basilisk (shapeshifter) (Depths:1)
  A large abomination (Elf:1)
  A hungry ghost (D:15)
  A spatial vortex (Geh:6)
  A merfolk zombie (Crypt:3)
  2 tengu zombies
  4 water moccasins
  14 hell hounds
  7 orc warriors
  A two-headed ogre skeleton (Crypt:1)
  2 ice beasts
  A sky beast (D:14)
  A spiny frog skeleton (Hell)
  2 phantoms
  A black bear (shapeshifter) (Depths:1)
  A snapping turtle zombie (Geh:6)
  An eye of draining (shapeshifter) (Depths:1)
  14 ogres
  A swamp dragon zombie (Geh:3)
  4 eyes of draining
  2 centaurs (D:14)
  A necrophage (Geh:1)
  A boggart (Vaults:1)
  A wolf (Lair:4)
  An orc skeleton (Vaults:2)
  2 crocodiles (Lair:5)
  2 snapping turtle skeletons
  3 elf zombies (Elf:1)
  4 bullfrogs
  2 big kobolds (D:11)
  An earth elemental (Elf:2)
  A salamander skeleton (Crypt:2)
  A scorpion (D:14)
  2 killer bees (D:12)
  22 wights
  A howler monkey (D:14)
  3 crimson imps
  A quasit (Depths:1)
  A hound (D:14)
  2 human zombies
  9 jellies (Zot:3)
  7 orc priests
  A bullfrog skeleton (D:12)
  A human skeleton (Crypt:3)
  2 orc wizards
  A shadow imp (Depths:1)
  17 orcs
  A leopard gecko skeleton (Crypt:1)
  13 fungi
  47 plants
  7 tentacles
  11 withered plants (Crypt:3)
1445 creatures vanquished.

Vanquished Creatures (others)
  14 bone dragons
  7 profane servitors
  An eldritch tentacle (Zot:4)
  A tengu reaver (Depths:4)
  A spectral angel (Zot:4)
  A deep elf sorcerer (Elf:3)
  12 ghouls
  8 vampire knights
  A green draconian (Zot:5)
  An ettin (Depths:3)
  A merfolk javelineer (Shoals:4)
  A quicksilver dragon zombie (Zot:1)
  A deep elf high priest (Elf:3)
  A vault guard (Vaults:5)
  A titan zombie (Vaults:5)
  3 hell hogs
  3 storm dragon zombies
  A deep elf knight (Vaults:2)
  14 skeletal warriors
  3 golden dragon zombies
  8 very ugly thing zombies
  A ghost moth zombie (Zot:2)
  9 flayed ghosts
  3 spark wasp zombies (Depths:5)
  2 shadow dragon zombies
  A wolf spider zombie (Vaults:3)
  21 phantasmal warriors
  4 ugly thing zombies
  2 sphinx zombies
  5 stone giant zombies
  An ugly thing (Depths:1)
  2 frost giant zombies
  5 draconian zombies
  A deep elf mage (Elf:3)
  5 hell hog zombies
  A stone giant skeleton (Depths:5)
  A vault sentinel (Vaults:3)
  2 black draconian zombies
  3 red draconian zombies
  2 white draconian zombies
  4 sea snake zombies
  A catoblepas zombie (Lair:6)
  5 yaktaurs
  5 purple draconian zombies
  3 green draconian zombies
  5 yellow draconian zombies
  An iron troll zombie (Depths:3)
  4 redback zombies (Spider:4)
  3 harpy zombies (Shoals:2)
  3 ghoul skeletons
  A spriggan zombie (Depths:5)
  3 moth of wrath zombies
  An ice dragon zombie (Vaults:3)
  A blink frog (Lair:5)
  15 deep troll zombies
  A jumping spider zombie (Spider:4)
  2 ettin zombies (Vaults:5)
  4 fire dragon zombies
  A black mamba zombie (Lair:3)
  17 flying skulls
  4 wraiths
  13 vampires
  3 wind drake zombies
  17 human zombies
  5 two-headed ogre zombies
  8 merfolk zombies (Shoals:4)
  A warg (Depths:4)
  3 water nymph zombies
  3 tengu zombies
  A hell hound (Geh:1)
  2 orb spider zombies (Spider:4)
  3 spiny frog zombies
  A manticore zombie (Shoals:4)
  2 hornet zombies
  A hog zombie (Shoals:1)
  15 elf zombies
  A merfolk skeleton (Shoals:4)
  A komodo dragon zombie (D:15)
  A hippogriff zombie (Lair:1)
  20 yaktaur zombies
  6 hell hound zombies
  A wyvern zombie (Lair:6)
  A cyclops zombie (Vaults:1)
  3 warg zombies
  3 troll zombies
  3 wights
  4 yak zombies
  3 wolf zombies
  A bullfrog zombie (D:13)
  A black bear zombie (Lair:1)
  5 centaur zombies
  2 killer bee zombies (D:12)
  10 ogre zombies
  A mummy (Orc:2)
  A howler monkey zombie (D:14)
  A shadow imp (Depths:1)
  2 adder zombies (D:12)
  2 ball lightnings
  A kobold zombie (D:12)
  An orc skeleton (Orc:2)
  39 orc zombies
  2 fungi (Lair:5)
  25 plants
  16 tentacles
474 creatures vanquished.

Grand Total: 3554 creatures vanquished

Notes
Turn   | Place    | Note
-------+----------+-------------------------------------------
     0 | D:1      | vishdafish the Demonspawn Gladiator began the quest for the Orb.
     0 | D:1      | Reached XP level 1. HP: 16/16 MP: 1/1
   443 | D:1      | Gained mutation: You are partially covered in sharp spines. [demonic ancestry]
   443 | D:1      | Reached XP level 2. HP: 11/22 MP: 2/2
   887 | D:1      | Reached XP level 3. HP: 25/28 MP: 3/3
  1396 | D:2      | Noticed Terence
  1431 | D:2      | Killed Terence
  1431 | D:2      | Reached skill level 1 in Armour
  1431 | D:2      | Gained mutation: You regenerate a little health from kills. [demonic ancestry]
  1431 | D:2      | Reached XP level 4. HP: 24/34 MP: 4/4
  2173 | D:3      | Found a blossoming altar of Fedhas.
  2699 | D:4      | Reached XP level 5. HP: 39/39 MP: 5/5
  2724 | D:4      | Noticed Edmund
  2767 | D:4      | Killed Edmund
  2767 | D:4      | Gained mutation: You are partially covered in molten scales. (AC +2) [demonic ancestry]
  2767 | D:4      | Reached XP level 6. HP: 40/46 MP: 6/6
  3059 | D:4      | Noticed Dowan
  3080 | D:4      | Killed Dowan
  3085 | D:5      | Entered Level 5 of the Dungeon
  3173 | D:5      | Found Puoshroot's Antique Armour Boutique.
  3469 | D:4      | Reached skill level 5 in Polearms
  3511 | D:4      | Found a radiant altar of Vehumet.
  3538 | D:4      | Noticed Duvessa
  3554 | D:4      | Killed Duvessa
  3554 | D:4      | Gained mutation: You are mostly covered in molten scales. (AC +3) [demonic ancestry]
  3554 | D:4      | Reached XP level 7. HP: 44/52 MP: 7/7
  4085 | D:5      | Found a bloodstained altar of Trog.
  4142 | D:5      | Found a deep blue altar of Sif Muna.
  4574 | D:5      | Gained mutation: You regenerate health from kills. [demonic ancestry]
  4574 | D:5      | Reached XP level 8. HP: 53/60 MP: 8/8
  4787 | D:5      | Found a snail-covered altar of Cheibriados.
  4892 | D:5      | Found a faded altar of an unknown god.
  4892 | D:5      | Found an ornate altar of the Wu Jian Council.
  4897 | D:5      | Found a blossoming altar of Fedhas.
  4899 | D:5      | Found a sparkling altar of Nemelex Xobeh.
  4900 | D:5      | Found a snail-covered altar of Cheibriados.
  5356 | D:6      | Noticed galech's ghost (novice TrMo)
  5572 | D:7      | Reached skill level 5 in Dodging
  5722 | D:7      | Found a staircase to the Ecumenical Temple.
  5747 | D:7      | Reached skill level 1 in Evocations
  5761 | Temple   | Entered the Ecumenical Temple
  5785 | Temple   | Became a worshipper of Yredelemnul the Dark
  5894 | D:7      | Reached skill level 5 in Fighting
  6222 | D:8      | Noticed varam's ghost (novice OpFE)
  6227 | D:8      | Killed varam's ghost
  6227 | D:8      | Gained mutation: You regenerate a lot of health from kills. [demonic ancestry]
  6227 | D:8      | Reached XP level 9. HP: 40/68 MP: 10/12
  7164 | D:9      | Reached skill level 5 in Evocations
  7204 | D:9      | Reached * piety under Yredelemnul
  7265 | D:9      | Reached skill level 1 in Invocations
  7340 | D:9      | Gained mutation: You are completely covered in molten scales. (AC +4, rF+) [demonic ancestry]
  7340 | D:9      | Reached XP level 10. HP: 72/77 MP: 14/14
  7482 | D:9      | Found a glowing golden altar of the Shining One.
  7586 | D:9      | Reached ** piety under Yredelemnul
  7730 | D:9      | Found a burning altar of Makhleb.
  7731 | D:9      | Noticed a gargoyle
  7740 | D:9      | Killed a gargoyle
  7741 | D:9      | Noticed a two-headed ogre
  7781 | D:9      | Killed a two-headed ogre
  7781 | D:9      | Reached skill level 5 in Armour
  7781 | D:9      | Reached skill level 5 in Invocations
  7885 | D:9      | Noticed a cyclops
  7904 | D:9      | Killed a cyclops
  8207 | D:9      | Found a shimmering altar of Xom.
  8209 | D:9      | Found a white marble altar of Elyvilon.
  8480 | D:10     | Entered Level 10 of the Dungeon
  8595 | D:10     | Found Rech's Weapon Boutique.
  8688 | D:10     | Noticed Sonja
  8690 | D:10     | Killed Sonja
  8690 | D:10     | Gained mutation: You have sharp toenails. [demonic ancestry]
  8690 | D:10     | Reached XP level 11. HP: 86/86 MP: 16/16
  8695 | D:10     | Reached *** piety under Yredelemnul
  8736 | D:10     | Noticed a two-headed ogre
  8758 | D:10     | Killed a two-headed ogre
  8857 | D:10     | Found a staircase to the Lair.
  9541 | D:11     | Found a frozen archway.
  9558 | IceCv    | Entered an ice cave
  9558 | IceCv    | Noticed a white ugly thing
  9569 | IceCv    | Killed a white ugly thing
  9575 | IceCv    | Reached skill level 10 in Polearms
  9586 | IceCv    | Found a transporter.
  9601 | IceCv    | Noticed a white ugly thing
  9606 | IceCv    | Killed a white ugly thing
  9631 | IceCv    | HP: 4/87 [ice statue/bolt of cold (18)]
 10115 | D:11     | Got a crude chain mail
 10126 | D:11     | Identified the cursed +0 chain mail of Brilliance {rPois} (You found it on level 11 of the Dungeon)
 10422 | D:11     | Reached **** piety under Yredelemnul
 10472 | D:11     | Noticed a three-headed hydra
 10483 | D:11     | Killed a three-headed hydra
 10719 | D:12     | Found a staircase to the Orcish Mines.
 10770 | D:11     | Identified a scroll of acquirement
 10806 | D:12     | Received a gift from Yredelemnul (4 flying skulls)
 10842 | D:12     | Reached XP level 12. HP: 95/95 MP: 14/17
 10913 | D:12     | Noticed a two-headed ogre
 10930 | D:12     | Killed a two-headed ogre
 10940 | D:12     | Received a gift from Yredelemnul (a wight)
 11006 | D:12     | Found Remif's Gadget Boutique.
 11290 | Lair:1   | Entered Level 1 of the Lair of Beasts
 11810 | Lair:1   | Noticed an eight-headed hydra
 11831 | Lair:1   | Killed an eight-headed hydra
 12335 | Lair:2   | Noticed a four-headed hydra
 12358 | Lair:1   | Killed a four-headed hydra
 12358 | Lair:1   | Reached skill level 10 in Fighting
 12416 | Lair:2   | Received a gift from Yredelemnul (a mummy)
 13146 | Lair:3   | Found a staircase to the Shoals.
 13872 | Lair:3   | Received a gift from Yredelemnul (a wight)
 14912 | Lair:4   | Reached XP level 13. HP: 103/103 MP: 19/19
 15077 | Lair:4   | Found a hole to the Spider Nest.
 16674 | Lair:5   | Found a staircase to the Slime Pits.
 16683 | Lair:5   | Reached ***** piety under Yredelemnul
 16855 | Lair:6   | Entered Level 6 of the Lair of Beasts
 16875 | Lair:5   | Reached skill level 1 in Spellcasting
 17092 | Lair:6   | Received a gift from Yredelemnul (2 flying skulls)
 17231 | Lair:6   | Received a gift from Yredelemnul (a wight)
 17344 | Lair:6   | Reached skill level 5 in Spellcasting
 17437 | Lair:6   | Received a gift from Yredelemnul (3 flying skulls)
 17517 | Lair:6   | Got a crude spear
 17518 | Lair:6   | Identified the cursed +1 spear "Gopp" {drain, rPois rC++} (You found it on level 6 of the Lair of Beasts)
 17944 | Orc:1    | Entered Level 1 of the Orcish Mines
 17966 | Orc:1    | Received a gift from Yredelemnul (3 flying skulls)
 18380 | Orc:2    | Entered Level 2 of the Orcish Mines
 18403 | Orc:2    | Noticed an orc warlord
 18409 | Orc:2    | Reached XP level 14. HP: 102/110 MP: 25/25
 18430 | Orc:2    | Received a gift from Yredelemnul (a wraith)
 18467 | Orc:2    | Killed an orc warlord
 18495 | Orc:2    | Found a staircase to the Elven Halls.
 19120 | Orc:2    | Received a gift from Yredelemnul (a wraith)
 19735 | Orc:2    | Received a gift from Yredelemnul (a wraith)
 20060 | Orc:2    | Reached skill level 10 in Spellcasting
 20077 | Orc:2    | Received a gift from Yredelemnul (4 flying skulls)
 20183 | Orc:2    | Found Hip Anak's Jewellery Emporium.
 20183 | Orc:2    | Found Napho's Magic Scroll Emporium.
 20184 | Orc:2    | Found Hyqog's Armour Shoppe.
 20184 | Orc:2    | Found Cyununk's Book Emporium.
 20395 | D:13     | Noticed Snorg
 20405 | D:13     | Killed Snorg
 20534 | D:13     | Noticed Urug
 20535 | D:13     | Noticed Josephine
 20561 | D:13     | Killed Urug
 20562 | D:13     | Killed Josephine
 21038 | D:13     | Received a gift from Yredelemnul (a vampire)
 21940 | D:13     | Found a gate to the Vaults.
 22148 | D:13     | Reached skill level 1 in Crossbows
 22152 | D:13     | Learned a level 1 spell: Apportation
 22155 | D:13     | Learned a level 2 spell: Passwall
 22161 | D:13     | Learned a level 5 spell: Aura of Abjuration
 22689 | D:13     | Reached skill level 1 in Summonings
 22823 | D:13     | Received a gift from Yredelemnul (a vampire)
 22904 | D:14     | Noticed Agnes
 22909 | D:14     | Received a gift from Yredelemnul (a vampire)
 22917 | D:14     | Killed Agnes
 23151 | D:14     | Reached skill level 5 in Crossbows
 23295 | D:14     | Got a slimy ring mail
 23540 | D:14     | Received a gift from Yredelemnul (a flayed ghost)
 23560 | D:14     | Found Uhiteg's Assorted Antiques.
 23564 | D:14     | Bought a scroll labeled ZOEHET TEINU for 30 gold pieces
 23948 | D:15     | Entered Level 15 of the Dungeon
 23961 | D:15     | Reached XP level 15. HP: 106/115 MP: 26/30
 24232 | D:15     | Reached skill level 5 in Summonings
 24233 | D:15     | Received a gift from Yredelemnul (a ghoul)
 24759 | D:15     | Found a staircase to the Depths.
 24939 | D:15     | Received a gift from Yredelemnul (a bone dragon)
 25122 | Elf:1    | Entered Level 1 of the Elven Halls
 25142 | Elf:1    | Reached skill level 1 in Shields
 25474 | Elf:1    | Received a gift from Yredelemnul (a profane servitor)
 25477 | Elf:1    | Identified the Volume of Evil
 26138 | Elf:2    | Found Igoac's Antique Weapon Emporium.
 26170 | Elf:2    | Bought a runed demon trident for 648 gold pieces
 26187 | Elf:2    | Found Uloos's Antique Armour Emporium.
 26203 | Elf:2    | Received a gift from Yredelemnul (a skeletal warrior)
 26240 | Elf:2    | Found Qieb's Jewellery Shoppe.
 26351 | Elf:2    | Found a runed gate.
 26354 | Elf:2    | Found a runed gate.
 26355 | Elf:2    | Found a runed gate.
 26432 | Elf:2    | Received a gift from Yredelemnul (a bone dragon)
 26580 | Elf:2    | Reached skill level 5 in Shields
 26747 | Elf:2    | Reached ****** piety under Yredelemnul
 26817 | Elf:2    | Received a gift from Yredelemnul (a skeletal warrior)
 26831 | Elf:2    | Noticed George's ghost (adept MiFi)
 26860 | Elf:2    | Killed George's ghost
 26888 | Elf:2    | Noticed a deep elf blademaster
 26893 | Elf:2    | Killed a deep elf blademaster
 26940 | Elf:2    | Reached XP level 16. HP: 122/122 MP: 31/31
 26993 | Elf:2    | Received a gift from Yredelemnul (a vampire)
 27155 | Elf:3    | Entered Level 3 of the Elven Halls
 27155 | Elf:3    | Found Parriobi's Magic Scroll Shop.
 27187 | Elf:3    | Received a gift from Yredelemnul (a ghoul)
 27312 | Elf:3    | Reached skill level 10 in Summonings
 27357 | Elf:3    | Got a pair of crude gloves
 27368 | Elf:3    | Identified the cursed +0 pair of gloves of Tulips {rCorr} (You found it on level 3 of the Elven Halls)
 27466 | Elf:3    | Killed a deep elf master archer
 27635 | Elf:3    | Identified the cursed +1 ring mail of Disguise {+Inv Regen+} (You found it on level 14 of the Dungeon)
 27802 | Elf:3    | Received a gift from Yredelemnul (a skeletal warrior)
 27989 | Elf:3    | Noticed a deep elf master archer
 27992 | Elf:3    | Received a gift from Yredelemnul (a bone dragon)
 27998 | Elf:3    | Killed a deep elf master archer
 28206 | Elf:3    | Received a gift from Yredelemnul (a ghoul)
 28207 | Elf:3    | Noticed a deep elf blademaster
 28217 | Elf:3    | Killed a deep elf blademaster
 28267 | Elf:3    | Got a shimmering bardiche {speed}
 28273 | Elf:3    | Identified the +5 bardiche "Leviticus" {speed, rElec Dex+3} (You took it off a deep elf sorcerer on level 3 of the Elven Halls)
 28411 | Elf:3    | Identified a +0 pair of boots of running (You found it on level 3 of the Elven Halls)
 28837 | Spider:1 | Entered Level 1 of the Spider Nest
 28866 | Spider:1 | Received a gift from Yredelemnul (a vampire knight)
 28952 | Spider:1 | Received a gift from Yredelemnul (a skeletal warrior)
 29199 | Spider:1 | Received a gift from Yredelemnul (a phantasmal warrior)
 29433 | Spider:2 | Noticed Arachne
 29450 | Spider:2 | Killed Arachne
 29450 | Spider:2 | Gained mutation: Your flesh is cold resistant. (rC+) [demonic ancestry]
 29450 | Spider:2 | Reached XP level 17. HP: 79/129 MP: 32/32
 29455 | Spider:2 | Received a gift from Yredelemnul (a vampire knight)
 29629 | Spider:2 | Noticed Jorgrun
 29637 | Spider:2 | Killed Jorgrun
 30896 | Spider:3 | Received a gift from Yredelemnul (a bone dragon)
 31107 | Spider:3 | Received a gift from Yredelemnul (a vampire)
 31398 | Spider:3 | Received a gift from Yredelemnul (a phantasmal warrior)
 31805 | Spider:4 | Entered Level 4 of the Spider Nest
 32028 | Spider:4 | Noticed Nikola
 32042 | Spider:4 | Killed Nikola
 32174 | Spider:4 | Received a gift from Yredelemnul (a vampire knight)
 32317 | Spider:4 | Received a gift from Yredelemnul (a vampire)
 32339 | Spider:4 | Got a gossamer rune of Zot
 32375 | Spider:4 | Received a gift from Yredelemnul (a phantasmal warrior)
 32828 | Depths:1 | Entered Level 1 of the Depths
 32838 | Depths:1 | Noticed a tentacled monstrosity
 32852 | Depths:1 | Killed a tentacled monstrosity
 33017 | Depths:1 | Found a gateway to Hell.
 33229 | Depths:1 | Gained mutation: You have razor-sharp toenails. [demonic ancestry]
 33229 | Depths:1 | Reached XP level 18. HP: 138/138 MP: 33/33
 33241 | Depths:1 | Received a gift from Yredelemnul (a ghoul)
 33455 | Depths:1 | Found Innin's Changing Room.
 33548 | Depths:1 | Reached skill level 10 in Armour
 33730 | Depths:1 | Reached skill level 10 in Dodging
 33745 | Depths:1 | Found a one-way gate leading to the halls of Pandemonium.
 34009 | Depths:2 | Received a gift from Yredelemnul (a phantasmal warrior)
 34025 | Depths:2 | Received a gift from Yredelemnul (a flayed ghost)
 34166 | Depths:2 | Gained mutation: You have claws for feet. [demonic ancestry]
 34166 | Depths:2 | Reached XP level 19. HP: 141/146 MP: 34/34
 34402 | Depths:2 | Received a gift from Yredelemnul (a bone dragon)
 34640 | Depths:2 | Found Ahemett's Antique Weapon Emporium.
 34640 | Depths:2 | Found Vintatuf's General Store.
 34648 | Depths:2 | Bought a potion of cancellation for 176 gold pieces
 34648 | Depths:2 | Bought a potion of curing for 66 gold pieces
 34648 | Depths:2 | Bought a scroll of identify for 44 gold pieces
 34707 | Depths:2 | Noticed a lich
 34712 | Depths:2 | Killed a lich
 34888 | Depths:2 | Noticed Asterion
 34900 | Depths:2 | Killed Asterion
 35293 | Depths:3 | Received a gift from Yredelemnul (a phantasmal warrior)
 35298 | Depths:3 | Reached skill level 15 in Polearms
 35427 | Depths:3 | Found a gateway to a ziggurat.
 35458 | Depths:3 | Reached skill level 10 in Invocations
 35516 | Depths:3 | Paralysed by a floating eye for 4 turns
 35595 | Depths:3 | Found Ode Xaas's Weapon Shoppe.
 35870 | Depths:3 | Noticed a caustic shrike
 35879 | Depths:3 | Killed a caustic shrike
 35951 | Depths:3 | Noticed Mennas
 36231 | Vaults:1 | Entered Level 1 of the Vaults
 36367 | Vaults:1 | Paralysed by a wizard for 5 turns
 36371 | Vaults:1 | Received a gift from Yredelemnul (a flayed ghost)
 36439 | Vaults:1 | Paralysed by a hornet for 2 turns
 36672 | Vaults:1 | Found Huiho's Armour Shop.
 36808 | Vaults:1 | Gained mutation: You are immune to freezing clouds. [demonic ancestry]
 36808 | Vaults:1 | Reached XP level 20. HP: 155/155 MP: 35/35
 36846 | Vaults:1 | Identified the +1 leather armour of Sorcery {Int-3 Dex+9} (You found it on level 1 of the Vaults)
 37169 | Vaults:1 | Gained mutation: Scrolls take you a little longer to read. [a neqoxec]
 37494 | Vaults:1 | Received a gift from Yredelemnul (a phantasmal warrior)
 37962 | Vaults:2 | Received a gift from Yredelemnul (a profane servitor)
 38266 | Vaults:2 | Received a gift from Yredelemnul (a phantasmal warrior)
 38473 | Vaults:2 | Noticed Xtahua
 38484 | Vaults:2 | Paralysed by Xtahua for 3 turns
 38489 | Vaults:2 | Killed Xtahua
 38491 | Vaults:2 | Received a gift from Yredelemnul (a vampire knight)
 39135 | Vaults:3 | Noticed Margery
 39145 | Vaults:3 | Killed Margery
 39165 | Vaults:3 | Received a gift from Yredelemnul (a profane servitor)
 39344 | Vaults:3 | Received a gift from Yredelemnul (a profane servitor)
 39856 | Vaults:3 | Received a gift from Yredelemnul (a skeletal warrior)
 40036 | Vaults:3 | Found a staircase to the Crypt.
 40250 | Vaults:3 | Noticed Donald
 40258 | Vaults:3 | Killed Donald
 40271 | Vaults:3 | Reached skill level 15 in Invocations
 40352 | Vaults:3 | Got a warped hat
 40363 | Vaults:3 | Identified the +0 hat of the Thinker {+Fly rPois Dex-5} (You acquired it on level 3 of the Vaults)
 40398 | Vaults:4 | Gained mutation: You are mostly covered in sharp spines. [demonic ancestry]
 40398 | Vaults:4 | Reached XP level 21. HP: 164/164 MP: 36/36
 40458 | Vaults:4 | Found Ywnipa's Jewellery Boutique.
 40491 | Vaults:4 | Received a gift from Yredelemnul (a flayed ghost)
 40634 | Vaults:4 | Lost mutation: Scrolls take you a little longer to read. [potion of mutation]
 40634 | Vaults:4 | Gained mutation: You expend magic power (3 MP) to strengthen your wands. [potion of mutation]
 40634 | Vaults:4 | Gained mutation: You have sharp fingernails. [potion of mutation]
 40635 | Vaults:4 | Lost mutation: You expend magic power (3 MP) to strengthen your wands. [potion of mutation]
 40635 | Vaults:4 | Lost mutation: You have sharp fingernails. [potion of mutation]
 40635 | Vaults:4 | Gained mutation: You have a pair of small horns on your head. [potion of mutation]
 40635 | Vaults:4 | Gained mutation: You have supernaturally acute eyesight. (SInv) [potion of mutation]
 40887 | Vaults:4 | Received a gift from Yredelemnul (a ghoul)
 40895 | Vaults:4 | Received a gift from Yredelemnul (a vampire knight)
 41424 | Vaults:4 | Received a gift from Yredelemnul (a phantasmal warrior)
 41912 | Depths:4 | Noticed Sojobo
 42255 | Depths:3 | Received a gift from Yredelemnul (a vampire)
 42326 | Depths:3 | Noticed a caustic shrike
 42335 | Depths:3 | Noticed a juggernaut
 42340 | Depths:3 | Killed a caustic shrike
 42361 | Depths:3 | Killed a juggernaut
 42398 | Depths:3 | Killed Mennas
 42398 | Depths:3 | Enslaved Mennas
 42446 | Depths:3 | Received a gift from Yredelemnul (a flayed ghost)
 42533 | Depths:3 | Noticed a golden dragon
 42538 | Depths:3 | Killed a golden dragon
 42572 | Depths:3 | Found the +1 cloak of Starlight {rElec rC+ EV+4 Stlth--}
 42863 | Depths:4 | Noticed Saint Roka
 42869 | Depths:4 | Received a gift from Yredelemnul (a phantasmal warrior)
 42883 | Depths:4 | Killed Saint Roka
 42892 | Depths:4 | Noticed Jory
 42912 | Depths:4 | Killed Jory
 42915 | Depths:4 | Received a gift from Yredelemnul (a phantasmal warrior)
 43084 | Depths:4 | Received a gift from Yredelemnul (a vampire)
 43178 | Depths:4 | Killed Sojobo
 43556 | Depths:4 | Reached XP level 22. HP: 174/174 MP: 37/37
 43737 | Depths:4 | Found a one-way gate to the infinite horrors of the Abyss.
 43769 | Depths:5 | Entered Level 5 of the Depths
 43792 | Depths:5 | Reached skill level 15 in Fighting
 43847 | Depths:5 | Noticed a juggernaut
 43855 | Depths:5 | Killed a juggernaut
 43941 | Depths:5 | Received a gift from Yredelemnul (a bone dragon)
 44030 | Depths:5 | Received a gift from Yredelemnul (a skeletal warrior)
 44047 | Depths:5 | Found a gate to the Realm of Zot.
 44048 | Depths:5 | Noticed a golden dragon
 44056 | Depths:5 | Killed a golden dragon
 44404 | Depths:5 | Upgraded the game from 0.22-a0-223-g0f5d773 to 0.22-a0-224-g8cf3520
 44505 | Depths:4 | Received a gift from Yredelemnul (a bone dragon)
 44802 | Shoals:1 | Entered Level 1 of the Shoals
 44838 | Shoals:1 | Noticed Kirke
 44853 | Shoals:1 | Killed Kirke
 45134 | Shoals:1 | Received a gift from Yredelemnul (a ghoul)
 45484 | Shoals:2 | Received a gift from Yredelemnul (a phantasmal warrior)
 45674 | Shoals:2 | Received a gift from Yredelemnul (a phantasmal warrior)
 45913 | Shoals:2 | Learned a level 3 spell: Portal Projectile
 46172 | Shoals:3 | Received a gift from Yredelemnul (a ghoul)
 46491 | Shoals:3 | Received a gift from Yredelemnul (a flayed ghost)
 46734 | Shoals:4 | Entered Level 4 of the Shoals
 46796 | Shoals:4 | Received a gift from Yredelemnul (a vampire)
 46835 | Shoals:4 | Received a gift from Yredelemnul (a ghoul)
 46849 | Shoals:4 | Noticed Ilsuiw
 46890 | Shoals:4 | Killed Ilsuiw
 46917 | Shoals:4 | Got a barnacled rune of Zot
 47011 | Shoals:4 | Received a gift from Yredelemnul (a vampire)
 47193 | Shoals:4 | Noticed Polyphemus
 47205 | Shoals:4 | Killed Polyphemus
 47221 | Shoals:4 | Received a gift from Yredelemnul (a bone dragon)
 47599 | Shoals:4 | Identified Sif Muna's Compendium of Scorching Flight
 48253 | Crypt:1  | Entered Level 1 of the Crypt
 48269 | Crypt:1  | Reached XP level 23. HP: 110/184 MP: 38/38
 48468 | Crypt:1  | Received a gift from Yredelemnul (a phantasmal warrior)
 48918 | Crypt:2  | Received a gift from Yredelemnul (a skeletal warrior)
 49062 | Crypt:2  | Reached skill level 15 in Dodging
 49084 | Crypt:2  | Reached skill level 15 in Armour
 49088 | Crypt:2  | Received a gift from Yredelemnul (a vampire)
 50073 | Crypt:3  | Entered Level 3 of the Crypt
 50118 | Crypt:3  | Received a gift from Yredelemnul (a phantasmal warrior)
 50316 | Crypt:3  | Identified the Tome of Ice and Weightlessness
 50685 | Crypt:3  | Found a staircase to the Tomb.
 50717 | Crypt:3  | Identified the Incunabulum of Evil Magic
 50750 | Crypt:3  | Received a gift from Yredelemnul (a vampire knight)
 51217 | Crypt:3  | Found an ancient bone altar of Kikubaaqudgha.
 51974 | D:5      | Bought a slimy scale mail for 288 gold pieces
 51974 | D:5      | Identified the +1 scale mail "Ypopim" {+Inv rPois Stlth+} (You bought it in a shop on level 5 of the Dungeon)
 52203 | Orc:2    | Bought a scroll of teleportation for 39 gold pieces
 52203 | Orc:2    | Bought a scroll of teleportation for 39 gold pieces
 52203 | Orc:2    | Bought a scroll of blinking for 97 gold pieces
 52322 | Elf:3    | Bought a scroll of enchant armour for 135 gold pieces
 52322 | Elf:3    | Bought a scroll of enchant armour for 135 gold pieces
 52322 | Elf:3    | Bought a scroll of magic mapping for 63 gold pieces
 52322 | Elf:3    | Bought a scroll of enchant weapon for 135 gold pieces
 52322 | Elf:3    | Bought 2 scrolls of brand weapon for 720 gold pieces
 52331 | Elf:2    | Bought an encrusted leather armour for 252 gold pieces
 52331 | Elf:2    | Identified the +3 leather armour of Vouket {*Contam rC++ MR+} (You bought it in a shop on level 2 of the Elven Halls)
 52605 | Slime:1  | Entered Level 1 of the Pits of Slime
 52758 | Slime:2  | Received a gift from Yredelemnul (a phantasmal warrior)
 52806 | Slime:3  | Received a gift from Yredelemnul (a phantasmal warrior)
 53141 | Orc:2    | Bought an uncursed ring of resist corrosion for 240 gold pieces
 53684 | Slime:3  | Reached skill level 1 in Hexes
 53684 | Slime:3  | Reached skill level 1 in Translocations
 53867 | Slime:4  | Gained mutation: You tend to lose your temper in combat. [a shining eye]
 53871 | Slime:4  | Gained mutation: Your body sometimes deteriorates upon taking damage. [a shining eye]
 53873 | Slime:4  | Gained mutation: You expend magic power (3 MP) to strengthen your wands. [a shining eye]
 53880 | Slime:4  | Gained mutation: You are occasionally teleported next to monsters. [a shining eye]
 53882 | Slime:4  | Gained mutation: Your spells are a little easier to cast, but a little less powerful. [a shining eye]
 53883 | Slime:4  | Gained mutation: Your magical capacity is low. (-10% MP) [a shining eye]
 53887 | Slime:4  | Gained mutation: Potions are less effective at restoring your health. [a shining eye]
 53890 | Slime:4  | Gained mutation: You often lose your temper in combat. [a shining eye]
 53893 | Slime:4  | Gained mutation: Your spells are easier to cast, but less powerful. [a shining eye]
 53929 | Slime:4  | Received a gift from Yredelemnul (a phantasmal warrior)
 53936 | Slime:4  | Lost mutation: Potions are less effective at restoring your health. [potion of mutation]
 53936 | Slime:4  | Lost mutation: You often lose your temper in combat. [potion of mutation]
 53936 | Slime:4  | Lost mutation: Your spells are easier to cast, but less powerful. [potion of mutation]
 53936 | Slime:4  | Lost mutation: You expend magic power (3 MP) to strengthen your wands. [potion of mutation]
 53936 | Slime:4  | Lost mutation: You tend to lose your temper in combat. [potion of mutation]
 53936 | Slime:4  | Gained mutation: You evolve. [potion of mutation]
 53937 | Slime:4  | Lost mutation: Your spells are a little easier to cast, but a little less powerful. [potion of mutation]
 53937 | Slime:4  | Lost mutation: You have a pair of small horns on your head. [potion of mutation]
 53937 | Slime:4  | Gained mutation: Your spells are a little easier to cast, but a little less powerful. [potion of mutation]
 53937 | Slime:4  | Gained mutation: Armour fits poorly on your strangely shaped body. [potion of mutation]
 53937 | Slime:4  | Gained mutation: You possess an exceptional clarity of mind. [potion of mutation]
 54039 | Slime:4  | Found a viscous altar of Jiyva.
 54208 | Slime:5  | Entered Level 5 of the Pits of Slime
 54226 | Slime:5  | Received a gift from Yredelemnul (a flayed ghost)
 54328 | Slime:5  | Reached XP level 24. HP: 191/191 MP: 34/34
 54333 | Slime:5  | Noticed the Royal Jelly
 54340 | Slime:5  | Reached skill level 5 in Hexes
 54373 | Slime:5  | Killed the Royal Jelly
 54373 | Slime:5  | Reached skill level 5 in Translocations
 54393 | Slime:5  | Found the +5 demon whip "Spellbinder" {antimagic, MR+}
 54412 | Slime:5  | Lost mutation: Your body sometimes deteriorates upon taking damage. [potion of mutation]
 54412 | Slime:5  | Lost mutation: You are occasionally teleported next to monsters. [potion of mutation]
 54412 | Slime:5  | Lost mutation: You evolve. [potion of mutation]
 54412 | Slime:5  | Lost mutation: Armour fits poorly on your strangely shaped body. [potion of mutation]
 54412 | Slime:5  | Lost mutation: Your magical capacity is low. (-10% MP) [potion of mutation]
 54412 | Slime:5  | Gained mutation: Your flesh is heat resistant. (rF+) [potion of mutation]
 54412 | Slime:5  | Gained mutation: You have a beak for a mouth. [potion of mutation]
 54419 | Slime:5  | Got a slimy rune of Zot
 54431 | Slime:5  | Got an ichor-stained glaive
 54433 | Slime:5  | Identified the +0 glaive of the Present {antimagic, Str+7 Dex-5} (You acquired it on level 5 of the Pits of Slime)
 54470 | Slime:5  | Identified the ring "Hoannive" {Fire MR+} (You found it on level 5 of the Pits of Slime)
 54486 | Slime:5  | Identified the +1 scale mail of Distant Worlds {MR+ Dex+4 SInv} (You found it on level 5 of the Pits of Slime)
 54622 | Slime:5  | Received a gift from Yredelemnul (a bone dragon)
 55098 | Vaults:5 | Entered Level 5 of the Vaults
 55294 | Vaults:5 | Received a gift from Yredelemnul (a bone dragon)
 55434 | Vaults:5 | Received a gift from Yredelemnul (a ghoul)
 55678 | Vaults:5 | Identified the +0 pair of boots of the Lotus Blossom {*Corrode rN+ Str+3 Dex+5} (You found it on level 5 of the Vaults)
 55704 | Vaults:5 | Received a gift from Yredelemnul (a flayed ghost)
 55858 | Vaults:5 | Identified the +2 leather armour of Kahoe {MP+9 Slay+2} (You took it off an ironheart preserver on level 5 of the Vaults)
 55916 | Vaults:5 | Received a gift from Yredelemnul (a skeletal warrior)
 55930 | Vaults:5 | Reached skill level 10 in Hexes
 55947 | Vaults:5 | Lost mutation: You possess an exceptional clarity of mind. [potion of mutation]
 55947 | Vaults:5 | Lost mutation: Your spells are a little easier to cast, but a little less powerful. [potion of mutation]
 55947 | Vaults:5 | Gained mutation: Your system is resistant to poisons. (rPois) [potion of mutation]
 55947 | Vaults:5 | Gained mutation: Your mind is acute. (Int +2) [potion of mutation]
 55977 | Vaults:5 | Got a silver rune of Zot
 56186 | Vaults:5 | Reached skill level 10 in Translocations
 56298 | Vaults:5 | Received a gift from Yredelemnul (a vampire)
 56428 | Vaults:5 | Received a gift from Yredelemnul (a bone dragon)
 56539 | Vaults:5 | Reached skill level 1 in Transmutations
 56539 | Vaults:5 | Gained mutation: You are completely covered in sharp spines. [demonic ancestry]
 56539 | Vaults:5 | Reached XP level 25. HP: 197/197 MP: 38/38
 57181 | Zot:1    | Entered Level 1 of the Realm of Zot
 57191 | Zot:1    | Reached skill level 2 in Transmutations
 57209 | Depths:5 | Reached skill level 3 in Transmutations
 57236 | Zot:1    | Reached skill level 4 in Transmutations
 57381 | Zot:1    | Reached skill level 5 in Transmutations
 57407 | Zot:1    | Received a gift from Yredelemnul (a vampire)
 57437 | Zot:1    | Reached skill level 6 in Transmutations
 57566 | Zot:1    | Reached skill level 7 in Transmutations
 57900 | Zot:2    | Reached skill level 8 in Transmutations
 57900 | Zot:2    | Received a gift from Yredelemnul (a skeletal warrior)
 57978 | Zot:2    | Reached skill level 9 in Transmutations
 58235 | Zot:2    | Reached skill level 10 in Transmutations
 58951 | Zot:2    | Reached skill level 11 in Transmutations
 59008 | Zot:2    | Identified the +6 scale mail "Mepeor" {+Fly rC- Dex+2} (You found it on level 2 of the Realm of Zot)
 59183 | Zot:2    | Received a gift from Yredelemnul (a bone dragon)
 59271 | Zot:2    | Found a transporter.
 59435 | Zot:2    | Found a transporter.
 59585 | Zot:2    | Paralysed by the power of Zot for 2 turns
 59592 | Zot:2    | Reached skill level 12 in Transmutations
 59649 | Zot:2    | Identified the ring "Pamief" {Ice Slay+5} (You found it on level 2 of the Realm of Zot)
 59666 | Zot:2    | Identified the ring of Ruiregu {rPois Str-5 Slay+3 Stlth+} (You found it on level 2 of the Realm of Zot)
 59772 | Zot:2    | Learned a level 3 spell: Regeneration
 60063 | Zot:3    | Reached skill level 13 in Transmutations
 60398 | Zot:3    | Gained mutation: A frigid envelope surrounds you and freezes all who hurt you. [demonic ancestry]
 60398 | Zot:3    | Reached XP level 26. HP: 205/205 MP: 24/38
 60407 | Zot:3    | Received a gift from Yredelemnul (a phantasmal warrior)
 60510 | Zot:3    | Received a gift from Yredelemnul (a skeletal warrior)
 60524 | Zot:3    | Reached skill level 14 in Transmutations
 61195 | Zot:4    | Received a gift from Yredelemnul (a bone dragon)
 61482 | Zot:4    | Reached skill level 15 in Transmutations
 61579 | Zot:4    | Received a gift from Yredelemnul (a ghoul)
 62425 | Zot:5    | Entered Level 5 of the Realm of Zot
 62482 | Zot:5    | Reached skill level 16 in Transmutations
 62554 | Zot:5    | Found a sparkling altar of Nemelex Xobeh.
 62580 | Zot:5    | Noticed an ancient lich
 62592 | Zot:5    | Killed an ancient lich
 62593 | Zot:5    | Received a gift from Yredelemnul (a phantasmal warrior)
 62759 | Zot:5    | Received a gift from Yredelemnul (a vampire knight)
 62970 | Zot:5    | Reached skill level 17 in Transmutations
 63100 | Zot:5    | Received a gift from Yredelemnul (a skeletal warrior)
 63122 | Zot:5    | Noticed an ancient lich
 63122 | Zot:5    | Noticed an ancient lich
 63138 | Zot:5    | Killed an ancient lich
 63143 | Zot:5    | Killed an ancient lich
 63350 | Zot:5    | Noticed an orb of fire
 63351 | Zot:5    | Noticed an orb of fire
 63351 | Zot:5    | Noticed an orb of fire
 63358 | Zot:5    | Noticed an orb of fire
 63363 | Zot:5    | Gained mutation: You tend to lose your temper in combat. [an orb of fire]
 63364 | Zot:5    | Lost mutation: You have supernaturally acute eyesight. (SInv) [an orb of fire]
 63367 | Zot:5    | Noticed an orb of fire
 63561 | Zot:5    | Noticed an ancient lich
 63571 | Zot:5    | Killed an ancient lich
 63678 | Zot:5    | Gained mutation: Potions are less effective at restoring your health. [an orb of fire]
 63680 | Zot:5    | Gained mutation: You are frail. (-10% HP) [an orb of fire]
 63691 | Zot:5    | Noticed an orb of fire
 63701 | Zot:4    | Lost mutation: Your mind is acute. (Int +2) [an orb of fire]
 63703 | Zot:4    | HP: 8/184 [orb of fire/fireball (21)]
 63704 | Zot:4    | Gained mutation: Scrolls take you a little longer to read. [an orb of fire]
 63706 | Zot:4    | HP: 3/184 [orb of fire/bolt of fire (13)]
 63712 | Zot:4    | Your ally Mennas died
 63723 | Zot:4    | Gained mutation: You are weak. (Str -2) [an orb of fire]
 63732 | Zot:4    | Gained mutation: Your flesh is very heat resistant. (rF++) [an orb of fire]
 63734 | Zot:4    | Killed an orb of fire
 63734 | Zot:4    | Reached skill level 18 in Transmutations
 63771 | Zot:4    | Lost mutation: Potions are less effective at restoring your health. [potion of mutation]
 63771 | Zot:4    | Lost mutation: Scrolls take you a little longer to read. [potion of mutation]
 63771 | Zot:4    | Lost mutation: You tend to lose your temper in combat. [potion of mutation]
 63771 | Zot:4    | Lost mutation: You are frail. (-10% HP) [potion of mutation]
 63771 | Zot:4    | Gained mutation: You are frail. (-10% HP) [potion of mutation]
 63771 | Zot:4    | Lost mutation: You are weak. (Str -2) [potion of mutation]
 64417 | Zig:1    | Entered Level 1 of a ziggurat
 64445 | Zig:2    | Entered Level 2 of a ziggurat
 64453 | Zig:2    | Reached skill level 1 in Necromancy
 64459 | Zig:2    | Received a gift from Yredelemnul (a profane servitor)
 64480 | Zig:3    | Entered Level 3 of a ziggurat
 64512 | Zig:3    | Reached XP level 27. HP: 189/189 MP: 38/38
 64527 | Zig:4    | Entered Level 4 of a ziggurat
 65257 | Zot:5    | Gained mutation: You are very frail. (-20% HP) [an orb of fire]
 65567 | Hell     | Entered the Vestibule of Hell
 65567 | Hell     | Noticed Geryon
 65652 | Depths:5 | Received a gift from Yredelemnul (a skeletal warrior)
 65665 | Hell     | Noticed Murray
 65970 | Hell     | Received a gift from Yredelemnul (a phantasmal warrior)
 65993 | Depths:5 | Killed Murray
 66067 | Hell     | Received a gift from Yredelemnul (a vampire knight)
 66102 | Hell     | Killed Geryon
 66102 | Hell     | Reached skill level 10 in Necromancy
 66102 | Hell     | Received a gift from Yredelemnul (a profane servitor)
 66204 | Hell     | Found a gateway to the ashen valley of Gehenna.
 66261 | Hell     | Learned a level 5 spell: Dispel Undead
 66274 | Hell     | Found a gateway to the decaying netherworld of Tartarus.
 66418 | Hell     | Received a gift from Yredelemnul (a ghoul)
 66460 | Hell     | Found a gateway to the freezing wastes of Cocytus.
 66502 | Hell     | Found a gateway to the Iron City of Dis.
 66712 | Geh:1    | Entered Level 1 of Gehenna
 66729 | Geh:1    | Received a gift from Yredelemnul (a profane servitor)
 66949 | Geh:1    | Received a gift from Yredelemnul (a bone dragon)
 67067 | Geh:2    | Received a gift from Yredelemnul (a skeletal warrior)
 67124 | Geh:2    | Received a gift from Yredelemnul (a skeletal warrior)
 67240 | Geh:3    | Gained mutation: You occasionally shout uncontrollably at your foes. [mutagenic glow]
 67294 | Geh:3    | Received a gift from Yredelemnul (a bone dragon)
 67297 | Geh:3    | Gained mutation: Your spells are a little easier to cast, but a little less powerful. [mutagenic glow]
 67335 | Geh:3    | Gained mutation: You are dopey. (Int -2) [mutagenic glow]
 67539 | Geh:3    | Received a gift from Yredelemnul (a skeletal warrior)
 67661 | Geh:5    | Received a gift from Yredelemnul (a flayed ghost)
 67786 | Geh:5    | Received a gift from Yredelemnul (a phantasmal warrior)
 68063 | Geh:5    | Received a gift from Yredelemnul (a ghoul)
 68183 | Geh:6    | Received a gift from Yredelemnul (a bone dragon)
 68324 | Geh:6    | Reached skill level 15 in Necromancy
 68483 | Geh:6    | Killed from afar by a Brimstone Fiend

Vault maps used:
D:1:      mrwooster_arrival_statue_2
D:2:      st_stairs_5, uniq_terence
D:3:      fedhas_altar_fruit_tree
D:4:      kennysheep_mini, first_ration, uniq_edmund, uniq_duvessa
D:5:      chequers_temple_overflow_minitemple,
          chequers_temple_overflow_statue_of_worship, serial_shops,
          nicolae_shop_crystal, cheibrodos_worm_habitat
D:7:      minmay_temple_entry_purple_smoke
D:9:      minmay_the_grid_four_pointed_star, grunt_temple_overflow_open,
          nicolae_tso_besieged_by_evil, grunt_ministairs_5
D:10:     minmay_lair_entry_lava, serial_shops, shop, uniq_sonja
D:11:     portal_ice_cave_rime, hangedman_ranch, minmay_holes
D:12:     serial_shops, kennysheep_mini_moat
D:13:     cheibrodos_magma_flow, grunt_vaults_entry_fortified, uniq_urug,
          uniq_snorg, uniq_josephine
D:14:     serial_shops, shop, uniq_agnes
D:15:     grunt_enter_depths_snipers, minmay_strange_pillars,
          grunt_decor_mini_mirrors, minmay_curled_crystal, corexii_corridor_pit
Temple:   nicolae_temple_hex_pool
Lair:2:   st_stairs_10, columned_hall_lemuel
Lair:3:   elwin_shoals_entry_rocks
Lair:4:   dpeg_oklob_gauntlet, nicolae_spider_entry_tight_spaces,
          eino_small_chamber_without_monster, infiniplex_staircase_pool,
          grunt_megastairs_3
Lair:5:   dpeg_slime_entry_corner, grunt_megastairs_1
Lair:6:   evilmike_catoblepas_cave
Shoals:1: nicolae_shoals_square_sea_wall, nicolae_shoals_stone_sculpture_thing,
          nicolae_shoals_wave_tunnel, uniq_kirke
Shoals:4: shoals_end_grunt_ice, shoals_ilsuiw_alternative, uniq_polyphemus
Spider:2: uniq_jorgrun, uniq_arachne
Spider:4: spider_rune_water, uniq_nikola
Slime:3:  cheibrodos_slime_lost_civilization_4
Slime:4:  basic_altar
Orc:1:    nicolae_orc_lava_tube
Orc:2:    st_orc_pillars, nicolae_orc_stony_grotto
Elf:1:    minmay_elf_arrival_summoners, minmay_elf_necromancy
Elf:2:    serial_shops, shop_statue, shop, shop, minmay_misc_feat_ornament
Elf:3:    minmay_elf_hall_dome, serial_shops, shop_scrolls, minivault_23
Vaults:1: v_alt_pattern_4, st_squares, v_misc_11, v_pattern_1, vaults_mumra_hex,
          vaults_room_hallway, vaults_dpeg_hooks, serial_shops,
          nicolae_shop_statue_plus
Vaults:2: v_misc_15, nicolae_vaults_branching_niches,
          nicolae_vaults_circle_grid_a, vaults_mumra_hexcomb,
          hangedman_vaults_maws, vaults_room_stairs_pillars, v_misc_26,
          nicolae_vaults_network_periphery, ontoclasm_vaults_ring_square,
          nicolae_vaults_mini_display_case, nicolae_vaults_little_ls,
          uniq_xtahua
Vaults:3: v_rooms_4, blue_anna_dwarven_crypt, v_misc_5,
          hangedman_vaults_variations, grunt_vaults_twisty,
          vaults_standard_mumra_enter_the_diamond,
          nicolae_vaults_network_quinsquares, v_alt_pattern_4,
          ontoclasm_vaults_decontamination, v_misc_22, uniq_donald, uniq_margery
Vaults:4: vaults_standard_mumra_enter_the_diamond, v_misc_30,
          nicolae_vaults_network_barrier, st_cells, hangedman_vaults_hat,
          vaults_room_hallway, nicolae_vaults_shelves_hall, v_misc_18,
          vaults_room_pool, ontoclasm_vaults_ring_small,
          nicolae_vaults_ring_of_whatevers, serial_shops, shop
Vaults:5: serial_shops
Crypt:1:  grunt_ministairs_9
Crypt:2:  st_stairs_2, feat_on_display
Crypt:3:  quadcrypt_mu
Depths:1: mu_elemental_laboratory, grunt_pan_entry_sceptre, hell_entry,
          nicolae_transmutations_shop, serial_bayou_shore_a
Depths:2: minmay_open_boxes_in_corner, hell_entry, hangedman_decor_slide_cut,
          pan_entry, grunt_megastairs_4, minmay_shoptagon,
          minmay_staircase_windowed_large, uniq_asterion
Depths:3: minmay_tearing_corner, enter_ziggurat_e, rand_demon_pan_entry_8,
          serial_shops, nicolae_shop_stone, hell_entry,
          minmay_staircase_statues, uniq_mennas
Depths:4: hangedman_cross_stitches, hell_entry, abyss_entry_crystal,
          uniq_sojobo, uniq_saint_roka, uniq_jory
Depths:5: grunt_zot_entry_bicorn, minmay_misc_feat_square, hell_entry,
          abyss_entry_glasseish, infiniplex_staircase_pool_lava
Geh:1:    lemuel_hellion_isle
Zot:2:    gammafunk_its_a_trap, st_stairs_8, hangedman_player_shredder
Zot:3:    lemuel_acid_trip
Zot:4:    st_stairs_6, grunt_megastairs_2
Zot:5:    basic_altar
IceCv:    ice_cave_statue_garden_teleport

Skill      XL: |  1  2  3  4  5  6  7  8  9 10 11 12 13 14 15 16 17 18 19 20 21 22 23 24 25 26 27 |
---------------+----------------------------------------------------------------------------------+-----
Dodging        | 3 4 5 7 8 9 10 11 12 13 14 15 | 15.0
Polearms       | 3 4 5 6 7 9 10 12 13 14 15 16 17 | 17.0
Armour         | 1 3 4 5 7 8 9 10 11 12 13 14 15 | 15.4
Throwing       | 2 3 4 |  4.0
Fighting       | 3 4 5 6 7 9 10 11 12 13 14 16 | 16.3
Evocations     | 4 6 8 |  8.0
Invocations    | 2 7 8 9 11 15 16 | 16.0
Spellcasting   | 7 11 | 11.4
Crossbows      | 6 7 |  7.8
Summonings     | 4 9 12 14 | 14.2
Shields        | 6 9 |  9.7
Hexes          | 4 11 | 11.3
Translocations | 4 10 | 10.4
Transmutations | 1 13 18 | 18.0
Necromancy     | 6 15 | 15.2
Stealth        | |  0.3

Action                   |  1- 3 |  4- 6 |  7- 9 | 10-12 | 13-15 | 16-18 | 19-21 | 22-24 | 25-27 || total
-------------------------+-------+-------+-------+-------+-------+-------+-------+-------+-------++-------
Melee: Trident           |   135 |       |       |       |   730 |       |       |       |       ||   865
       Spear             |       |   135 |   390 |   841 |   380 |       |       |       |       ||  1746
       Lajatang          |       |       |       |       |    32 |       |       |       |       ||    32
       Bardiche          |       |       |       |       |    20 |   477 |  1209 |  1714 |  1328 ||  4748
       Demon trident     |       |       |       |       |   114 |   143 |       |       |       ||   257
       Kick              |       |       |       |       |       |       |   406 |   548 |   518 ||  1472
       Headbutt          |       |       |       |       |       |       |    76 |   234 |       ||   310
       Peck              |       |       |       |       |       |       |       |    96 |   315 ||   411
 Fire: Blowgun           |       |       |       |     4 |       |       |       |       |       ||     4
       Arbalest          |       |       |       |       |   102 |       |       |     2 |     5 ||   109
Throw: Throwing net      |     2 |     1 |       |       |       |       |       |       |     1 ||     4
       Tomahawk          |       |       |       |    14 |       |       |       |       |       ||    14
       Javelin           |       |       |       |       |       |     3 |       |     6 |       ||     9
 Cast: Aura of Abjuratio |       |       |       |       |       |     6 |     9 |     8 |    12 ||    35
Invok: Animate Remains   |       |       |     1 |       |       |       |       |       |       ||     1
       Animate Dead      |       |       |       |    20 |    59 |    38 |    53 |    51 |    41 ||   262
       Recall Undead Sla |       |       |       |     1 |     5 |    13 |     6 |     3 |    14 ||    42
       Drain Life        |       |       |       |     1 |     7 |       |       |       |    16 ||    24
       Enslave Soul      |       |       |       |       |       |       |     2 |       |     1 ||     3
       Injury Mirror     |       |       |       |       |       |       |     1 |       |       ||     1
Evoke: Wand              |       |     7 |    16 |    90 |    38 |     3 |    17 |    10 |    15 ||   196
       Sack of spiders   |       |       |       |     1 |       |       |     2 |       |       ||     3
       Box of beasts     |       |       |       |       |       |       |     4 |       |       ||     4
  Use: Potion            |       |     3 |     1 |     6 |     5 |     5 |     4 |     9 |    19 ||    52
       Scroll            |       |       |     9 |    15 |     9 |     6 |     8 |    15 |    20 ||    82
 Stab: Sleeping          |     1 |     2 |     1 |     8 |    20 |     8 |     6 |       |       ||    46
       Held in net/web   |     1 |     2 |       |       |       |       |       |       |       ||     3
       Paralysed         |       |    10 |     7 |     5 |    18 |     3 |     1 |       |       ||    44
       Distracted        |       |       |       |     4 |    18 |    24 |    26 |    58 |    40 ||   170
       Petrified         |       |       |       |       |     7 |       |       |       |       ||     7
       Petrifying        |       |       |       |       |     1 |       |       |       |       ||     1
       Confused          |       |       |       |       |       |       |     3 |    14 |     7 ||    24
       Betrayed ally     |       |       |       |       |       |       |       |     2 |       ||     2
  Eat: Chunk             |     2 |     7 |    12 |    20 |    26 |     9 |    15 |    20 |     7 ||   118
       Ration            |       |       |       |     4 |    12 |     9 |    12 |    14 |    17 ||    68
Armor: Leather armour    |    30 |    22 |    98 |   180 |   270 |     6 |       |    78 |   185 ||   869
       Ring mail         |       |       |       |       |       |   118 |   143 |    90 |       ||   351
Dodge: Dodged            |    61 |    48 |   151 |   353 |   577 |   321 |   601 |  1058 |  1275 ||  4445
Block: Buckler           |       |       |       |       |    30 |    12 |       |       |       ||    42
       Other             |       |       |       |       |       |   117 |   209 |   340 |   361 ||  1027
       Reflection        |       |       |       |       |       |    14 |    33 |    36 |     5 ||    88

Table legend:
 A = Spawn XP
 B = Non-spawn XP
 C = Spawn XP percentage of total XP
 D = Spawn monster count
 E = Non-spawn monster count
 F = Spawn count percentage of total count
 G = Total turns spent on level
                    A         B        C        D         E        F      G
               +---------+---------+-------+---------+---------+-------+---------
         Total |       0 | 1544930 |   0.0 |       0 |    2986 |   0.0 | 68483
               +---------+---------+-------+---------+---------+-------+---------
           D:1 |       0 |      46 |   0.0 |       0 |      23 |   0.0 |  1116
           D:2 |       0 |      86 |   0.0 |       0 |      16 |   0.0 |   783
           D:3 |       0 |      55 |   0.0 |       0 |      22 |   0.0 |   625
           D:4 |       0 |     777 |   0.0 |       0 |      25 |   0.0 |  1100
           D:5 |       0 |     618 |   0.0 |       0 |      33 |   0.0 |  1418
           D:6 |       0 |      44 |   0.0 |       0 |       7 |   0.0 |   511
           D:7 |       0 |     814 |   0.0 |       0 |      22 |   0.0 |   634
           D:8 |       0 |    1374 |   0.0 |       0 |      20 |   0.0 |  1129
           D:9 |       0 |    6070 |   0.0 |       0 |      60 |   0.0 |  1359
          D:10 |       0 |    2850 |   0.0 |       0 |      23 |   0.0 |  1039
          D:11 |       0 |    5879 |   0.0 |       0 |      34 |   0.0 |  1556
          D:12 |       0 |    4376 |   0.0 |       0 |      34 |   0.0 |   816
          D:13 |       0 |   13025 |   0.0 |       0 |      40 |   0.0 |  2881
          D:14 |       0 |   12386 |   0.0 |       0 |      39 |   0.0 |  1272
          D:15 |       0 |   10542 |   0.0 |       0 |      47 |   0.0 |  1389
        Lair:1 |       0 |    4204 |   0.0 |       0 |      14 |   0.0 |  1489
        Lair:2 |       0 |    1815 |   0.0 |       0 |       9 |   0.0 |   865
        Lair:3 |       0 |    5642 |   0.0 |       0 |      26 |   0.0 |  1461
        Lair:4 |       0 |    6915 |   0.0 |       0 |      27 |   0.0 |  1822
        Lair:5 |       0 |    5565 |   0.0 |       0 |      31 |   0.0 |  1125
        Lair:6 |       0 |   13142 |   0.0 |       0 |      38 |   0.0 |   883
      Shoals:1 |       0 |   16558 |   0.0 |       0 |      46 |   0.0 |   692
      Shoals:2 |       0 |   12126 |   0.0 |       0 |      27 |   0.0 |   590
      Shoals:3 |       0 |   10762 |   0.0 |       0 |      33 |   0.0 |   689
      Shoals:4 |       0 |   37597 |   0.0 |       0 |      73 |   0.0 |  1126
      Spider:1 |       0 |    8606 |   0.0 |       0 |      32 |   0.0 |   484
      Spider:2 |       0 |   13488 |   0.0 |       0 |      29 |   0.0 |  1569
      Spider:3 |       0 |   13756 |   0.0 |       0 |      40 |   0.0 |   968
      Spider:4 |       0 |   24650 |   0.0 |       0 |      71 |   0.0 |   712
       Slime:2 |       0 |    3935 |   0.0 |       0 |      13 |   0.0 |   205
       Slime:3 |       0 |   18075 |   0.0 |       0 |      40 |   0.0 |   356
       Slime:4 |       0 |   15520 |   0.0 |       0 |      36 |   0.0 |   374
       Slime:5 |       0 |   35124 |   0.0 |       0 |      41 |   0.0 |   497
         Orc:1 |       0 |    2662 |   0.0 |       0 |      17 |   0.0 |   995
         Orc:2 |       0 |   13468 |   0.0 |       0 |      89 |   0.0 |  1664
         Elf:1 |       0 |    8110 |   0.0 |       0 |      21 |   0.0 |  1026
         Elf:2 |       0 |   36081 |   0.0 |       0 |      75 |   0.0 |  1261
         Elf:3 |       0 |   47564 |   0.0 |       0 |      76 |   0.0 |  1350
      Vaults:1 |       0 |   37816 |   0.0 |       0 |      65 |   0.0 |  1640
      Vaults:2 |       0 |   43340 |   0.0 |       0 |      79 |   0.0 |  1286
      Vaults:3 |       0 |   45538 |   0.0 |       0 |      74 |   0.0 |  1550
      Vaults:4 |       0 |   64441 |   0.0 |       0 |     113 |   0.0 |  1535
      Vaults:5 |       0 |  122217 |   0.0 |       0 |     131 |   0.0 |  1707
       Crypt:1 |       0 |   19271 |   0.0 |       0 |      31 |   0.0 |   650
       Crypt:2 |       0 |   38441 |   0.0 |       0 |      73 |   0.0 |  1193
       Crypt:3 |       0 |   38837 |   0.0 |       0 |      81 |   0.0 |  1520
      Depths:1 |       0 |   32950 |   0.0 |       0 |      80 |   0.0 |  1145
      Depths:2 |       0 |   31837 |   0.0 |       0 |      52 |   0.0 |  1220
      Depths:3 |       0 |   66481 |   0.0 |       0 |      79 |   0.0 |  2259
      Depths:4 |       0 |   49189 |   0.0 |       0 |      74 |   0.0 |  1025
      Depths:5 |       0 |   74231 |   0.0 |       0 |      99 |   0.0 |  1288
          Hell |       0 |   32153 |   0.0 |       0 |      68 |   0.0 |   729
         Geh:1 |       0 |   11502 |   0.0 |       0 |      39 |   0.0 |   315
         Geh:2 |       0 |   12938 |   0.0 |       0 |      46 |   0.0 |   165
         Geh:3 |       0 |   26955 |   0.0 |       0 |      75 |   0.0 |   404
         Geh:4 |       0 |    2053 |   0.0 |       0 |       5 |   0.0 |    35
         Geh:5 |       0 |   22963 |   0.0 |       0 |      65 |   0.0 |   533
         Geh:6 |       0 |   12741 |   0.0 |       0 |      31 |   0.0 |   319
         Zot:1 |       0 |   37799 |   0.0 |       0 |      35 |   0.0 |   645
         Zot:2 |       0 |   95040 |   0.0 |       0 |      70 |   0.0 |  2005
         Zot:3 |       0 |   56936 |   0.0 |       0 |      70 |   0.0 |  1602
         Zot:4 |       0 |   50586 |   0.0 |       0 |      31 |   0.0 |  2135
         Zot:5 |       0 |   96648 |   0.0 |       0 |      51 |   0.0 |  1341
         Zig:1 |       0 |     824 |   0.0 |       0 |       2 |   0.0 |    28
         Zig:2 |       0 |    2474 |   0.0 |       0 |       2 |   0.0 |    35
         Zig:3 |       0 |    1688 |   0.0 |       0 |       5 |   0.0 |    47
         Zig:4 |       0 |     497 |   0.0 |       0 |       2 |   0.0 |    11
         IceCv |       0 |    2237 |   0.0 |       0 |       9 |   0.0 |    77
               +---------+---------+-------+---------+---------+-------+---------
